 Dungeon Crawl Stone Soup version 0.27.1-33-g824d729ab1 (webtiles) character file.

Game seed: 11410437129298835853

6206 boopmooplesden the Cleaver (level 10, -2/75 HPs)
             Began as a Minotaur Fighter on Dec 22, 2021.
             Was a Believer of Hepliaklqana.
             Slain by a two-headed ogre (32 damage)
             ... on level 8 of the Dungeon.
             The game lasted 00:11:29 (9991 turns).

boopmooplesden the Cleaver (Minotaur Fighter)       Turns: 9991, Time: 00:11:29

Health: -2/75      AC: 16    Str: 24    XL:     10   Next: 61%
Magic:  9/9        EV:  7    Int:  2    God:    Hepliaklqana [**....]
Gold:   521        SH: 13    Dex: 10    Spells: 9/9 levels left

rFire    + . .     SeeInvis .   a - +2 war axe
rCold    + . .     Faith    .   c - +1 kite shield
rNeg     + . .     Spirit   .   t - +0 plate armour
rPois    .         Reflect  .   (helmet restricted)
rElec    +         Harm     +   p - scarf {harm}
rCorr    .         Rampage  .   o - +0 pair of gloves
Will     +....                  (no boots)
Stlth    ..........             (no amulet)
HPRegen  0.22/turn              e - ring "Woppalek" {rElec rC+ rN+ Will+ Int-3}
MPRegen  0.11/turn              q - ring of protection from fire

@: no status effects
A: reduced essence, horns 2, retaliatory headbutt
a: Renounce Religion, Recall Ancestor, Ancestor Identity


You were on level 8 of the Dungeon.
You worshipped Hepliaklqana.
Hepliaklqana was pleased with you.
You visited 1 branch of the dungeon, and saw 8 of its levels.

You collected 768 gold pieces.
You spent 247 gold pieces at shops.

Inventory:

Hand Weapons
 a - a +2 war axe (weapon)
 s - a +2 spear of venom
 x - a +0 lajatang
 H - the +6 dagger "Earthworm" {venom, rPois Dex+5}
   (You found it on level 5 of the Dungeon)

   It poisons the flesh of those it strikes.
   Dex:       It affects your dexterity (+5).
   rPois:     It protects you from poison.
Missiles
 h - 22 boomerangs (quivered)
Armour
 b - a +0 scale mail
 c - a +1 kite shield (worn)
 o - a +0 pair of gloves (worn)
 p - a scarf of harm (worn)
 t - a +0 plate armour (worn)
Jewellery
 e - the ring "Woppalek" (left hand) {rElec rC+ rN+ Will+ Int-3}
   (You took it off an orc priest on level 4 of the Dungeon)

   [ring of positive energy]

   Int:       It affects your intelligence (-3).
   rC:        It protects you from cold.
   rElec:     It insulates you from electricity.
   rN:        It protects you from negative energy.
   Will:      It increases your willpower.
 l - a ring of positive energy
 n - a ring of see invisible
 q - a ring of protection from fire (right hand)
 r - a ring of poison resistance
 w - a ring of magical power
 E - a ring of flight
Wands
 u - a wand of digging (8)
 v - a wand of charming (12)
 B - a wand of acid (18)
 I - a wand of iceblast (7)
 L - a wand of mindburst (10)
Scrolls
 f - 2 scrolls of amnesia
 y - 4 scrolls of identify
 G - 2 scrolls of teleportation
 J - a scroll of enchant weapon
 K - a scroll of acquirement {unknown}
Potions
 d - a potion of might
 g - 4 potions of mutation
 i - a potion of haste {unknown}
 j - 2 potions of lignification
 k - a potion of heal wounds
 m - 3 potions of cancellation
 z - a potion of ambrosia {unknown}
 A - 2 potions of curing {unknown}
 C - a potion of attraction {unknown}
 D - 2 potions of degeneration {unknown}
 F - a potion of magic {unknown}


   Skills:
 + Level 6.8 Fighting
 + Level 12.0 Axes
 + Level 0.2 Throwing
 + Level 10.5 Armour
 + Level 2.5 Dodging
 + Level 1.6 Stealth
 + Level 9.5 Shields


You had 9 spell levels left.
You didn't know any spells.
Your spell library contained the following spells:

 Spells                   Type           Power      Damage    Failure   Level
 Call Canine Familiar     Summ           0%         N/A       100%        3
 Portal Projectile        Hex/Tloc       0%         N/A       100%        3
 Leda's Liquefaction      Hex/Erth       0%         N/A       100%        4
 Blade Hands              Tmut           0%         N/A       100%        5
 Excruciating Wounds      Necr           0%         N/A       100%        5
 Dispersal                Tloc           0%         N/A       100%        6
 Disjunction              Tloc           0%         N/A       100%        8


Dungeon Overview and Level Annotations

Branches:
Dungeon (8/15)             Temple (0/1) D:5
   Lair: D:8-11

Altars:
Elyvilon
Fedhas
Hepliaklqana
Kikubaaqudgha
Okawaru
Qazlal
Ru
Sif Muna
Trog
Vehumet
Wu Jian
Xom

Shops:
D:5 [


Innate Abilities, Weirdness & Mutations

Your life essence is reduced to manifest your ancestor. (-10% HP)
You have a pair of horns on your head.
You reflexively headbutt those who attack you in melee.


Message History

The volley of spikes hits Zdislav!
Zdislav hits the two-headed ogre with a +0 quarterstaff!
Zdislav points at the manticore and mumbles some strange words.
The puff of frost hits the manticore.
You hit the two-headed ogre. You headbutt the two-headed ogre!
The two-headed ogre is moderately wounded.
The two-headed ogre hits you with a +0 giant club!
You block the two-headed ogre's attack.
Zdislav hits the two-headed ogre with a +0 quarterstaff!
You slash the two-headed ogre!
The two-headed ogre is severely wounded.
You slash the two-headed ogre!
Zdislav barely misses the gargoyle.
You block the two-headed ogre's attack. x2
The two-headed ogre hits you with a +0 giant club.
The two-headed ogre hits you with a +0 giant spiked club.
You closely miss the two-headed ogre.
The two-headed ogre is severely wounded.
You hit the two-headed ogre but do no damage.
The gargoyle completely misses Zdislav.
Zdislav hits the gargoyle but does no damage.
The gargoyle closely misses Zdislav.
Zdislav hits the gargoyle with a +0 quarterstaff!
You slash the two-headed ogre! You headbutt the two-headed ogre.
The two-headed ogre is almost dead.
The gargoyle hits Zdislav with a +0 morningstar!
You block the two-headed ogre's attack.
The two-headed ogre hits you with a +0 giant spiked club!
Zdislav barely misses the gargoyle.
You hit the two-headed ogre.
The two-headed ogre is almost dead.
The gargoyle hits Zdislav with a +0 morningstar.
You block the two-headed ogre's attack.
The two-headed ogre hits you with a +0 giant spiked club!
Zdislav barely misses the gargoyle.
You hit the two-headed ogre.
The two-headed ogre is almost dead.
The gargoyle barely misses Zdislav.
Zdislav barely misses the gargoyle.
The two-headed ogre closely misses you.
The two-headed ogre hits you with a +0 giant spiked club!!
You die...

.....#..# ♣:.)♣ #.# ##. ).......#
.≈≈≈. #.# #. ........# #≈≈≈# ###
#. ###.....# ≈≈≈ #.######.
##......# .H. #..##.... ##......#
######9#########....... ..#######
♣.....OR...... ######.. ..#♣♣.♣
♣O♣ #♣...♣#.. ))#♣R♣♣ ♣@♣
#.♣♣♣.#.. ).#.♣♣ ♣.♣ #.♣ ♣.#..
))#♣.♣♣ ♣.♣ #.♣♣♣.#..
..#♣♣.♣♣########'########♣..^♣#..
..# ♣♣.♣#.....#...#.....#♣...♣#..
))#♣♣♣♣.♣.♣.♣.♣...♣♣...♣♣.....#..
)).)).....♣.♣.'>8<'.♣.♣..........
..#♣♣♣♣.♣.♣♣♣.♣...♣♣...♣......#..
..# ♣♣R♣#.♣ ♣.#...#.....#.).).#.)


You could see the friendly Zdislav the battlemage, 2 two-headed ogres, a
manticore and a gargoyle (ally target).

Vanquished Creatures
  A boulder beetle (D:8)
  3 yaks (D:7)
  Grum (D:8)
  2 steam dragons
  3 ice beasts
  3 orc warriors
  3 black bears
  A wolf (D:8)
  3 centaurs
  2 kobold brigands
  2 phantoms
  A gnoll sergeant (D:6)
  A bullfrog (D:7)
  3 scorpions
  A water moccasin zombie (D:5)
  4 wights (D:8)
  A centaur zombie (D:8)
  3 orc priests
  A jelly (D:6)
  A bullfrog skeleton (D:6)
  A gnoll shaman (D:8)
  Terence (D:2)
  3 iguanas
  A killer bee zombie (D:8)
  A hound zombie (D:5)
  A hound skeleton (D:3)
  3 gnolls (D:6)
  4 adders
  A howler monkey skeleton (D:6)
  A shadow imp (D:6)
  A white imp (D:6)
  3 adder skeletons (D:4)
  3 worms
  10 orcs
  5 ball pythons
  12 endoplasms
  5 giant cockroaches
  5 goblins
  3 hobgoblins
  4 jackals
  3 quokkas
  7 bats
  2 frilled lizards (D:1)
  15 kobolds
  6 rats
141 creatures vanquished.

Vanquished Creatures (collateral kills)
  A two-headed ogre (D:8)
  A vampire mosquito (D:8)
  A water moccasin (D:8)
  An orc warrior (D:8)
  A black bear (D:8)
  2 ice beasts (D:6)
  2 wolves (D:8)
  An ogre (D:5)
  A wyvern zombie (D:8)
  2 wights (D:8)
  A centaur zombie (D:6)
  A gnoll shaman (D:8)
  3 orc wizards
  A hound zombie (D:5)
  2 howler monkey zombies (D:8)
  A gnoll (D:8)
  An adder (D:6)
  An ufetubus (D:5)
  7 orcs
31 creatures vanquished.

Vanquished Creatures (others)
  A wizard (D:8)
  A black bear (D:4)
  A bullfrog (D:7)
  A battlemage (D:8)
  An ancestor (D:6)
  A dart slug (D:4)
  2 hobgoblins (D:4)
  A plant (D:4)
9 creatures vanquished.

Grand Total: 181 creatures vanquished

Notes
Turn   | Place    | Note
-------+----------+-------------------------------------------
     0 | D:1      | boopmooplesden the Minotaur Fighter began the quest for the
                  | Orb.
     0 | D:1      | Reached XP level 1. HP: 19/19 MP: 0/0
   334 | D:1      | Reached XP level 2. HP: 27/27 MP: 1/1
   996 | D:2      | Reached skill level 3 in Axes
   996 | D:2      | Reached XP level 3. HP: 3/33 MP: 2/2
  1301 | D:2      | Noticed Terence
  1308 | D:2      | Killed Terence
  1361 | D:2      | Reached XP level 4. HP: 40/40 MP: 3/3
  1396 | D:2      | Reached skill level 1 in Dodging
  2350 | D:3      | Found a faded altar of an unknown god.
  2454 | D:3      | Reached skill level 4 in Axes
  2844 | D:4      | Killed a black bear
  3029 | D:4      | Found a shimmering altar of Xom.
  3061 | D:4      | Noticed a black bear
  3063 | D:4      | Killed a black bear
  3064 | D:4      | Reached XP level 5. HP: 47/47 MP: 4/4
  3175 | D:4      | Reached skill level 5 in Axes
  3175 | D:4      | Reached XP level 6. HP: 12/53 MP: 5/5
  3672 | D:4      | Noticed an orc warrior
  3680 | D:4      | Identified the ring "Woppalek" {rElec rC+ rN+ Will+ Int-3}
  3690 | D:4      | Reached skill level 6 in Axes
  3690 | D:4      | Found a faded altar of an unknown god.
  3692 | D:4      | Found a faded altar of an unknown god.
  3700 | D:4      | Killed an orc warrior
  3701 | D:4      | Reached skill level 5 in Shields
  3701 | D:4      | Found a hazy altar of Hepliaklqana.
  3709 | D:4      | Became a worshipper of Hepliaklqana the Forgotten
  3957 | D:4      | Found an iron altar of Okawaru.
  4013 | D:4      | Found an ancient bone altar of Kikubaaqudgha.
  4129 | D:4      | You fall into a shaft and drop 3 floors!
  4185 | D:6      | Reached XP level 7. HP: 39/60 MP: 6/6
  4316 | D:6      | Reached skill level 5 in Armour
  4471 | D:7      | Reached skill level 7 in Axes
  4944 | D:7      | Noticed a steam dragon
  4952 | D:7      | Killed a steam dragon
  4953 | D:7      | Reached skill level 5 in Fighting
  4953 | D:7      | Reached skill level 8 in Axes
  4953 | D:7      | Reached XP level 8. HP: 25/68 MP: 7/7
  5240 | D:7      | Reached skill level 9 in Axes
  5386 | D:7      | Reached * piety under Hepliaklqana
  5656 | D:7      | Found a radiant altar of Vehumet.
  5657 | D:7      | Found a white marble altar of Elyvilon.
  5942 | D:6      | Found a stormy altar of Qazlal.
  5981 | D:6      | Found a blossoming altar of Fedhas.
  6086 | D:6      | Found an ornate altar of the Wu Jian Council.
  6277 | D:6      | Reached XP level 9. HP: 23/67 MP: 8/8
  6843 | D:5      | Entered Level 5 of the Dungeon
  6852 | D:5      | Reached skill level 10 in Axes
  6993 | D:5      | Found a staircase to the Ecumenical Temple.
  7149 | D:5      | Found a sacrificial altar of Ru.
  7216 | D:5      | Found Oniunk's Antique Armour Shoppe.
  7223 | D:5      | Reached ** piety under Hepliaklqana
  7224 | D:5      | Remembered your ancestor Zdislav as a battlemage
  7231 | D:5      | Identified the +6 dagger "Earthworm" {venom, rPois Dex+5}
  7238 | D:5      | Bought a pair of fine gloves for 247 gold pieces
  7238 | D:5      | Identified the -1 pair of gloves of Submission {Str-5
                  | Dex+10} (You bought it in a shop on level 5 of the Dungeon)
  7359 | D:5      | Reached skill level 1 in Stealth
  7640 | D:8      | Noticed a two-headed ogre
  7647 | D:8      | Noticed a boulder beetle
  7648 | D:8      | Killed a two-headed ogre
  7766 | D:8      | Reached skill level 11 in Axes
  8057 | D:8      | Found a bloodstained altar of Trog.
  8283 | D:8      | Reached XP level 10. HP: 29/75 MP: 9/9
  8759 | D:8      | Found a shimmering blue altar of Sif Muna.
  8784 | D:8      | Noticed Grum
  8794 | D:8      | Killed Grum
  8795 | D:8      | Reached skill level 10 in Armour
  9064 | D:8      | Noticed a wizard
  9068 | D:8      | Killed a wizard
  9199 | D:8      | Killed a boulder beetle
  9200 | D:8      | Reached skill level 12 in Axes
  9980 | D:8      | Noticed a two-headed ogre
  9980 | D:8      | Noticed a gargoyle
  9980 | D:8      | Noticed a two-headed ogre
  9980 | D:8      | Noticed a manticore
  9991 | D:8      | Slain by a two-headed ogre

Illustrated notes

Levels and vault maps discovered:
D:1:      minmay_arrival_semitransparent, layout_basic
D:2:      layout_basic, uniq_terence
D:3:      layout_loops_ring, shapermc_ecumenical_altar_starsandcircs,
          grunt_decor_mini_mirrors, chequers_serial_rivers_small_3,
          chequers_serial_rivers_micro_b, st_stairs_1
D:4:      layout_rooms, xom_confusion_cloud,
          nicolae_hepliaklqana_ecumenical_no_more, okawaru_metal_pillars_3,
          kiku_gazebo_pond_becter, minivault_25, minivault_14,
          hangedman_abyss_or_decor_passed, chequers_serial_rivers_small_3,
          roderic_roman_lattice, minmay_misc_feat_diagonals, minmay_cupped
D:5:      layout_rooms, lemuel_tele_altar, minmay_temple_entry_arrows,
          serial_shops, nicolae_shop_crystal, amcnicky_mini_corridor_feature
D:6:      minmay_polygon_palace, layout_layer_cave,
          grunt_temple_overflow_forces_of_nature, nicolae_wu_jian_wuxing_cycle
D:7:      layout_basic, gammafunk_temple_overflow_statue
D:8:      nzn_winding_woodlands_stair_cross [nzn_winding_woodlands_5x15_zeroes,
          nzn_winding_woodlands_center_diamonds,
          nzn_winding_woodlands_5x15_split_checker,
          nzn_winding_woodlands_hourglass, nzn_winding_woodlands_5x5_three,
          nzn_winding_woodlands_5x15_pockets,
          nzn_winding_woodlands_center_triple_pond,
          nzn_winding_woodlands_5x15_sawtooth], layout_layer_cave,
          mainiacjoe_overflow_surrounded_room,
          mainiacjoe_overflow_concentric_impassable, uniq_grum

Skill      XL: |  1  2  3  4  5  6  7  8  9 10 |
---------------+-------------------------------+-----
Shields        | 4 5 6 7 8 9 |  9.5
Fighting       | 4 5 6 |  6.8
Axes           | 3 4 5 6 8 9 11 12 | 12.0
Armour         | 4 5 7 9 10 | 10.5
Dodging        | 1 2 |  2.5
Stealth        | 1 |  1.6
Throwing       | |  0.2

Action                   |  1- 3 |  4- 6 |  7- 9 | 10-12 || total
-------------------------+-------+-------+-------+-------++-------
Melee: War axe           |    71 |   126 |   193 |    67 ||   457
       Headbutt          |     8 |    18 |    51 |    19 ||    96
Throw: Boomerang         |     2 |     3 |       |       ||     5
Invok: Ancestor Life: Ba |       |       |     1 |       ||     1
  Use: Scroll            |       |    10 |     4 |       ||    14
       Potion            |       |     1 |       |     1 ||     2
 Stab: Distracted        |     1 |       |     1 |       ||     2
Armor: Scale mail        |    46 |    20 |       |       ||    66
       Plate armour      |       |    53 |   150 |    19 ||   222
Dodge: Dodged            |    24 |    18 |    60 |    16 ||   118
Block: Kite shield       |    42 |    76 |   118 |    34 ||   270
